 Dungeon Crawl Stone Soup version 0.28.0-1-gb440e238dd (webtiles) character file.

Game seed: 2727748208827014845

277 issech the Cudgeller (level 6, -5/61 HPs)
             Began as a Troll Monk on Feb 25, 2022.
             Killed by nerve-wracking pain
             ... invoked by Grinder
              (12 damage)
             ... on level 4 of the Dungeon.
             The game lasted 00:07:00 (2414 turns).

issech the Cudgeller (Troll Monk)                   Turns: 2414, Time: 00:07:02

Health: -5/61      AC:  4    Str: 20    XL:     6   Next: 4%
Magic:  14/14      EV: 15    Int:  6    God:
Gold:   115        SH:  0    Dex: 14    Spells: 5/5 levels left

rFire   + . .      SeeInvis .   a - +0 mace
rCold   + . .      Faith    .   (no shield)
rNeg    . . .      Spirit   .   b - +0 robe
rPois   .          Reflect  .   (helmet restricted)
rElec   .          Harm     .   k - scarf {rC+ rF+}
rCorr   .          Rampage  .   (gloves unavailable)
Will    .....                   (boots unavailable)
Stlth   ++........              g - amulet of regeneration
HPRegen 1.80/turn               j - ring of magical power
MPRegen 0.14/turn               l - +4 ring of evasion

@: no status effects
A: large, unfitting armour, claws 3, regeneration 1, shaggy fur 1, tough skin 1
a: no special abilities


You were on level 4 of the Dungeon.
You visited 1 branch of the dungeon, and saw 4 of its levels.

You collected 115 gold pieces.

Inventory:

Hand Weapons
 a - a +0 mace (weapon)
 n - the +3 war axe "Nenket" {vorpal, Int+4}
   (You found it on level 3 of the Dungeon)

   It inflicts extra damage upon your enemies.
   Int:       It affects your intelligence (+4).
 s - a +0 hunting sling
Missiles
 e - 96 stones (quivered)
 m - 4 bolts
 p - 21 sling bullets
Armour
 b - a +0 robe (worn)
 k - a scarf of resistance (worn)
 v - a +0 cloak
Jewellery
 g - an amulet of regeneration (around neck)
 j - a ring of magical power (left claw)
 l - a +4 ring of evasion (right claw)
Scrolls
 c - 4 scrolls of identify {unknown}
 d - a scroll of summoning {unknown}
 q - a scroll of fear {unknown}
 t - a scroll of teleportation {unknown}
 u - a scroll of enchant armour {unknown}
Potions
 f - a potion of degeneration {unknown}
 h - a potion of attraction {unknown}
 i - a potion of lignification {unknown}
 o - 2 potions of mutation {unknown}
 r - a potion of curing {unknown}


   Skills:
 + Level 3.2 Fighting
 + Level 4.6 Maces & Flails
 + Level 3.5 Dodging
 + Level 1.3 Stealth


You had 5 spell levels left.
You didn't know any spells.
Your spell library contained the following spells:

 Spells                   Type           Power      Damage    Failure   Level
 Passwall                 Tmut/Erth      0%         N/A       58%         2
 Disjunction              Tloc           0%         N/A       100%        8
 Lehudib's Crystal Spear  Conj/Erth      0%         10d2      100%        8


Dungeon Overview and Level Annotations

Branches:
Dungeon (4/15)
 Temple: D:4-7

Altars:
Qazlal
Ru
Yredelemnul

Shops:
D:3 :

Annotations:
D:4 Grinder


Innate Abilities, Weirdness & Mutations

You are too large for most types of armour.
You have claws for hands.
Your natural rate of healing is unusually fast.
You are covered in fur. (AC +1)
You have tough skin. (AC +1)


Message History

Pain shoots through your body!
You can move again.
You hit Grinder.
Grinder is lightly wounded.
Grinder barely misses you.
You closely miss Grinder.
Grinder is lightly wounded.
Grinder hits you but does no damage.
Grinder blinks!
Grinder blinks!
You barely miss Grinder.
Grinder is lightly wounded.
Grinder says, "FISH!"
Grinder barely misses you.
You sock Grinder!
Grinder is moderately wounded.
Grinder gestures at you.
You barely resist. You hit Grinder.
Grinder is moderately wounded.
Grinder gestures at you.
You suddenly lose the ability to move!
Grinder hits you.
You writhe in agony.
Grinder hits you but does no damage.
Grinder grins, showing sharp teeth.
Grinder hits you.
You writhe in agony.
Grinder gestures at you.
You barely resist. Grinder hits you.
You writhe in agony.
Grinder hits you.
You writhe in agony.
* * * LOW HITPOINT WARNING * * *
You can move again.
You thump Grinder!
Grinder is heavily wounded.
Grinder hits you!
* * * LOW HITPOINT WARNING * * *
You writhe in agony.
* * * LOW HITPOINT WARNING * * *
Grinder gestures at you. Pain shoots through your body!
You die...

###.....# ##......#
###...^...# ##.......#
##.........# #........#
...........# ##.......#
#..........# #.......#
#..........#####......#
#...........####....##
#........##..5.##...#
##......<####..@..###
#.......# ####..#
#.......# ##.#
#.#.....### #.#
#........... ##.
#..#.###.###. ..
##.#...#.#... ...
#.###.#.#.###. #...
#...#.#.#.#... ....


You could see Grinder.

Vanquished Creatures
  A water moccasin skeleton (D:3)
  A bullfrog skeleton (D:3)
  Jessica (D:2)
  Natasha (twice) (D:3)
  5 adders
  2 adder skeletons (D:4)
  3 dart slugs
  9 ball pythons
  6 endoplasms
  4 giant cockroaches
  A hobgoblin (D:3)
  7 jackals (D:2)
  3 quokkas
  7 bats
  3 frilled lizards
  3 goblins
  7 kobolds
  8 rats
73 creatures vanquished.

Notes
Turn   | Place    | Note
-------+----------+-------------------------------------------
     0 | D:1      | issech the Troll Monk began the quest for the Orb.
     0 | D:1      | Reached XP level 1. HP: 22/22 MP: 0/0
   168 | D:1      | Reached XP level 2. HP: 29/29 MP: 1/1
   217 | D:1      | Reached skill level 3 in Maces & Flails
   603 | D:1      | Found a faded altar of an unknown god.
   784 | D:2      | Found a basalt altar of Yredelemnul.
   810 | D:2      | Reached XP level 3. HP: 36/36 MP: 2/2
   870 | D:2      | Got the Collected Works on Earthen Dislocation
   924 | D:2      | Noticed Jessica
   933 | D:2      | Killed Jessica
   934 | D:2      | Reached XP level 4. HP: 22/44 MP: 3/3
  1465 | D:3      | Reached skill level 4 in Maces & Flails
  1465 | D:3      | Reached XP level 5. HP: 45/53 MP: 4/4
  1525 | D:3      | Found Sugeask's Book Emporium.
  1674 | D:3      | Identified the +3 war axe "Nenket" {vorpal, Int+4}
  1749 | D:3      | Noticed Natasha
  1764 | D:3      | Killed Natasha
  1992 | D:3      | Noticed Natasha
  2002 | D:3      | Killed Natasha
  2062 | D:4      | Reached XP level 6. HP: 61/61 MP: 5/5
  2062 | D:4      | Found a sacrificial altar of Ru.
  2094 | D:4      | Found a stormy altar of Qazlal.
  2384 | D:4      | Noticed Grinder
  2392 | D:4      | Paralysed by Grinder for 7 turns
  2406 | D:4      | Paralysed by Grinder for 7 turns
  2414 | D:4      | Killed from afar by Grinder

Illustrated notes

Levels and vault maps discovered:
D:1:      doesnt_arrival_eight_statues, layout_loops_ring,
          ebering_ecumenical_altar_box
D:2:      layout_rooms, basic_altar, st_stairs_14, uniq_jessica
D:3:      layout_rooms, serial_shops, nicolae_shop_hallway_stairs, uniq_natasha
D:4:      layout_cave_pods, mainiacjoe_overflow_large_starburst, uniq_grinder

Skill      XL: |  1  2  3  4 |
---------------+-------------+-----
Maces & Flails | 3 4 |  4.6
Dodging        | 3 |  3.5
Fighting       | 3 |  3.2
Stealth        | |  1.3

Action                   |  1- 3 |  4- 6 || total
-------------------------+-------+-------++-------
Melee: Mace              |    90 |   161 ||   251
       Punch             |     5 |     1 ||     6
 Stab: Sleeping          |     2 |     1 ||     3
Armor: Robe              |    52 |    55 ||   107
Dodge: Dodged            |    72 |   120 ||   192
